 Dungeon Sprint DCSS version 0.26-a0-665-gefeb406119 (webtiles) character file.

Game seed: 12627142156934268905

729 mhtbhm the Martial Artist (level 7, -1/45 HPs)
             Began as an Octopode Transmuter on Oct 15, 2020.
             Was a Believer of Makhleb.
             Slain by a tengu warrior
             ... wielding a +0 long sword
              (4 damage)
             ... in the Dungeon (Sprint IX: "|||||||||||||||||||||||||||||").
             The game lasted 00:00:58 (315 turns).

mhtbhm the Martial Artist (Octopode Transmuter)      Turns: 315, Time: 00:01:00

Health: -1/45      AC:  3    Str: 12    XL:     7   Next: 73%
Magic:  9/16       EV: 17    Int: 15    God:    Makhleb [**....]
Gold:   0          SH:  0    Dex: 15    Spells: 4/19 levels left

rFire    . . .     SeeInvis .     - Unarmed
rCold    . . .     Faith    .   (no shield)
rNeg     . . .     Spirit   .   (helmet restricted)
rPois    .         Reflect  .   (no amulet)
rElec    .         Harm     .   k - +3 ring of dexterity
rCorr    .         Rampage  .   l - +2 ring of protection
MR       .....     NoTele   +   (no ring)
Stlth    ++++......             (no ring)
HPRegen  0.15/turn              (no ring)
MPRegen  0.15/turn              (no ring)
                                (no ring)
                                (no ring)

@: wereblooded
A: almost no armour, stealthy swim, amphibious, 8 rings, constrict 8, camouflage
1, gelatinous body 1
a: Minor Destruction, Renounce Religion


You were in the Dungeon.
You worshipped Makhleb.
Makhleb was pleased with you.
You visited 1 branch

Inventory:

Jewellery
 k - a +3 ring of dexterity (left tentacle)
 l - a +2 ring of protection (right tentacle)
Wands
 j - a wand of iceblast (10)
Scrolls
 g - 2 scrolls of blinking
 h - 3 scrolls of remove curse
 i - 2 scrolls of amnesia
Potions
 a - a potion of invisibility
 b - 5 potions of curing
 c - a potion of heal wounds
 d - a potion of haste
 e - 4 potions of magic


   Skills:
 + Level 2.0 Fighting
 + Level 6.3 Dodging
 + Level 5.6 Stealth
 + Level 11.4 Unarmed Combat
 + Level 6.6 Spellcasting
 + Level 6.5 Transmutations


You had 4 spell levels left.
You knew the following spells:

 Your Spells              Type           Power        Failure   Level
a - Beastly Appendage     Tmut           ###...       1%          1
b - Wereblood             Tmut           ###.....     1%          2
c - Spider Form           Tmut/Pois      ##........   11%         3
d - Ice Form              Ice/Tmut       ##......     34%         4
e - Blade Hands           Tmut           ###.......   26%         5

Your spell library contained the following spells:

 Spells                   Type           Power        Failure   Level


Dungeon Overview and Level Annotations

Branches:
Dungeon (1/1)

Altars:
Cheibriados
Dithmenos
Elyvilon
Fedhas
Gozag
Hepliaklqana
Kikubaaqudgha
Makhleb
Nemelex Xobeh
Okawaru
Qazlal
Ru
Sif Muna
Trog
Uskayaw
Vehumet
Wu Jian
Xom
Yredelemnul
Zin
The Shining One
Beogh
Jiyva
Lugonu


Innate Abilities, Weirdness & Mutations

You cannot wear most types of armour.
You are very stealthy in the water. (Stealth+)
You are amphibious.
You can wear up to eight rings at the same time.
You can use your tentacles to constrict eight enemies at once.
Your skin changes colour to match your surroundings (Stealth+).
Your rubbery body absorbs attacks. (AC +1, EV +1)


Message History

The tengu warrior is heavily wounded.
You constrict the tengu warrior.
The tengu warrior closely misses you. x2
The tengu warrior claws you!
You slash the tengu warrior!
The tengu warrior is severely wounded.
You constrict the tengu warrior. The tengu warrior barely misses you.
The tengu warrior pecks you. The tengu warrior claws you!
* * * LOW HITPOINT WARNING * * *
The tengu warrior blocks your attack.
You squeeze the tengu warrior, but do no damage.
The tengu warrior is severely wounded.
You constrict the tengu warrior. You slice the tengu warrior!!
The tengu warrior is almost dead.
Your tentacles revert to their normal proportions.
You constrict the tengu warrior.
The tengu warrior hits you with a +0 long sword.
* * * LOW HITPOINT WARNING * * *
The tengu warrior barely misses you. The tengu warrior claws you.
You die... ▓▓▓▓▓▓▓▓▓▓▓▓▓▓▓▓▓▓▓▓▓▓▓▓ ..).[[[..†......@QJh...+ ▓▓▓▓▓▓▓▓▓▓▓▓▓▓▓▓▓▓▓▓▓▓▓▓

You could see a slime creature, a tengu warrior and a hound.

Vanquished Creatures
  A troll (D)
  A wraith (D)
  A yak (D)
  A water moccasin (D)
  A hound (D)
  An iguana (D)
  A worker ant (D)
  An ufetubus (D)
  3 orcs (D)
  A giant cockroach (D)
  A ball python zombie (D)
  A bat (D)
  2 frilled lizards (D)
  A kobold (D)
  A quokka zombie (D)
  A rat (D)
19 creatures vanquished.

Notes
Turn   | Place    | Note
-------+----------+-------------------------------------------
     0 | D        | mhtbhm the Octopode Transmuter began the quest for the Orb.
     0 | D        | Reached XP level 1. HP: 13/13 MP: 3/3
    31 | D        | Noticed an iguana
    34 | D        | Reached skill level 4 in Unarmed Combat
    43 | D        | Killed an iguana
    43 | D        | Reached skill level 1 in Stealth
    43 | D        | Reached skill level 5 in Unarmed Combat
    43 | D        | Reached XP level 2. HP: 13/18 MP: 3/6
    43 | D        | Reached XP level 3. HP: 17/23 MP: 3/7
    78 | D        | Found a roughly hewn altar of Beogh.
    78 | D        | Found a snail-covered altar of Cheibriados.
    78 | D        | Found a shadowy altar of Dithmenos.
    78 | D        | Found a white marble altar of Elyvilon.
    78 | D        | Found a blossoming altar of Fedhas.
    78 | D        | Found an opulent altar of Gozag.
    79 | D        | Found a hazy altar of Hepliaklqana.
    80 | D        | Found a viscous altar of Jiyva.
    81 | D        | Found an ancient bone altar of Kikubaaqudgha.
    82 | D        | Found a corrupted altar of Lugonu.
    83 | D        | Found a burning altar of Makhleb.
    84 | D        | Found a sparkling altar of Nemelex Xobeh.
    85 | D        | Found an iron altar of Okawaru.
    86 | D        | Found a stormy altar of Qazlal.
    87 | D        | Found a sacrificial altar of Ru.
    88 | D        | Found a shimmering blue altar of Sif Muna.
    89 | D        | Found a bloodstained altar of Trog.
    90 | D        | Found a hide-covered altar of Uskayaw.
    91 | D        | Became a worshipper of Makhleb the Destroyer
    92 | D        | Found a radiant altar of Vehumet.
    93 | D        | Found an ornate altar of the Wu Jian Council.
    94 | D        | Found a shimmering altar of Xom.
    95 | D        | Found a basalt altar of Yredelemnul.
    96 | D        | Found a glowing silver altar of Zin.
    97 | D        | Found a glowing golden altar of the Shining One.
   165 | D        | Learned a level 2 spell: Wereblood
   169 | D        | Learned a level 3 spell: Spider Form
   171 | D        | Noticed a wraith
   171 | D        | Noticed a water moccasin
   183 | D        | Reached skill level 6 in Unarmed Combat
   183 | D        | Reached XP level 4. HP: 28/28 MP: 3/9
   189 | D        | Killed a wraith
   189 | D        | Reached * piety under Makhleb
   189 | D        | Reached skill level 8 in Unarmed Combat
   189 | D        | Reached XP level 5. HP: 33/33 MP: 3/12
   189 | D        | Reached XP level 6. HP: 38/38 MP: 3/13
   191 | D        | Killed a water moccasin
   191 | D        | Reached skill level 5 in Dodging
   191 | D        | Reached skill level 9 in Unarmed Combat
   191 | D        | Reached skill level 5 in Spellcasting
   191 | D        | Reached skill level 5 in Transmutations
   196 | D        | Reached ** piety under Makhleb
   257 | D        | Learned a level 4 spell: Ice Form
   263 | D        | Learned a level 5 spell: Blade Hands
   300 | D        | Noticed a yak
   300 | D        | Noticed a troll
   300 | D        | Noticed a tengu warrior
   300 | D        | Noticed a slime creature
   302 | D        | Reached skill level 10 in Unarmed Combat
   306 | D        | Killed a yak
   306 | D        | Reached XP level 7. HP: 44/44 MP: 8/16
   309 | D        | Killed a troll
   309 | D        | Reached skill level 5 in Stealth
   309 | D        | Reached skill level 11 in Unarmed Combat
   315 | D        | Slain by a tengu warrior

Illustrated notes

Levels and vault maps discovered:
D:        linesprint [early_d, line_temple, items_1, d_10, items_2, lair_1,
          lair_end, items_3, orc_1, orc_end, items_4, d_15, swamp_1, shoals_1,
          snake_1, spider_1, d_20, vaults_1, items_5, swamp_end, shoals_end,
          snake_end, spider_end, vaults_end, d_27, items_6, zot_1, zot_end,
          crypt_end, forest_end, elf_end, slime_end, tomb_end, abyss_end,
          pan_hell_end]

Skill      XL: |  1  2  3  4  5  6  7 |
---------------+----------------------+-----
Unarmed Combat | 5 6 8 10 11 | 11.4
Stealth        | 1 3 4 5 |  5.6
Spellcasting   | 3 4 6 |  6.6
Transmutations | 3 4 5 6 |  6.5
Dodging        | 3 4 5 6 |  6.3
Fighting       | 2 |  2.0

Action                   |  1- 3 |  4- 6 |  7- 9 || total
-------------------------+-------+-------+-------++-------
Melee: Unarmed           |    36 |    15 |     9 ||    60
       Tentacles         |     6 |       |     1 ||     7
       Constrict         |     5 |     2 |     1 ||     8
       Kick              |     5 |       |       ||     5
 Cast: Beastly Appendage |     2 |       |       ||     2
       Wereblood         |     1 |     1 |       ||     2
       Spider Form       |     1 |       |       ||     1
       Blade Hands       |       |     1 |       ||     1
  Use: Potion            |     2 |     1 |       ||     3
 Stab: Sleeping          |     1 |       |       ||     1
       Distracted        |       |     1 |       ||     1
Armor: Skin              |     5 |     1 |       ||     6
Dodge: Dodged            |    29 |    11 |     7 ||    47

Table legend: (Time is in decaauts)
 A = Elapsed time spent in this place.
 B = Non-inter-level travel time spent in this place.
 C = Inter-level travel time spent in this place.
 D = Time resting spent in this place.
 E = Time spent auto-exploring this place.
 F = Levels seen in this place.
 G = Mean time per level.
                   A        B        C        D        E       F      G
               +--------+--------+--------+--------+--------+-----+--------+
         Total |    317 |    317 |      0 |    166 |      3 |   1 |  317.0 |
       Dungeon |    317 |    317 |      0 |    166 |      3 |   1 |  317.0 |
               +--------+--------+--------+--------+--------+-----+--------+

Top non-repeatable levels by time:
       D: 317 daAuts
